 Dungeon Crawl Stone Soup version 0.27.1-33-g824d729ab1 (webtiles) character file.

Game seed: 15253319294846233202

13388 zeram the Cleaver (level 12, -1/84 HPs)
             Began as a Hill Orc Fighter on Nov 26, 2021.
             Was an Initiate of Gozag.
             Slain by Sonja (3 damage)
             ... on level 11 of the Dungeon.
             The game lasted 00:21:27 (12699 turns).

zeram the Cleaver (Hill Orc Fighter)               Turns: 12699, Time: 00:21:27

Health: -1/84      AC: 20    Str: 19 (20) XL:     12   Next: 5%
Magic:  22/22      EV:  6    Int: 16 (17) God:    Gozag
Gold:   501        SH: 11    Dex:  6      Spells: 11/11 levels left

rFire    + . .     SeeInvis .   l - +5 hand axe of Irigg {vorpal, *Noise rCorr Str+3 Stlth+}
rCold    x . .     Faith    .   c - +0 kite shield
rNeg     . . .     Spirit   .   w - +0 plate armour
rPois    .         Reflect  .   W - +3 hat of Pondering {ponderous, Will+ MP+10 Int+5}
rElec    .         Harm     .   B - +1 cloak "Xuguanom" {rF+ rC- Regen+ Int+5}
rCorr    +         Rampage  .   (no gloves)
Will     ++...                  g - +0 pair of boots
Stlth    ..........             (no amulet)
HPRegen  1.24/turn              v - +4 ring of protection
MPRegen  0.18/turn              X - ring of willpower

@: slowed, very slow
A: [clumsy 2], [deformed body], [deterioration 2], [dopey 2], [frail 2], [weak
2], [no potion heal 2]
a: Renounce Religion, Potion Petition, Call Merchant, Bribe Branch


You were on level 11 of the Dungeon.
You worshipped Gozag.
Gozag was pleased with you.
You visited 2 branches of the dungeon, and saw 12 of its levels.
You visited the Abyss 1 time.

You collected 1861 gold pieces.
You spent 1252 gold pieces at shops.
You paid 108 gold pieces to Gozag.

Inventory:

Hand Weapons
 a - a +0 vampiric war axe
 h - a +2 spear of freezing
 l - the +5 hand axe of Irigg (weapon) {vorpal, *Noise rCorr Str+3 Stlth+}
   (You bought it in a shop on level 6 of the Dungeon)

   It inflicts extra damage upon your enemies.
   Str:       It affects your strength (+3).
   *Noise:    It may make noises in combat.
   rCorr:     It protects you from acid and corrosion.
   Stlth:     It makes you more stealthy.
 n - a +3 morningstar
 M - the +8 hunting sling of Mutilation {freeze, rElec Int+5 Dex+3}
   (You found it on level 9 of the Dungeon)

   Any ammunition fired from it freezes those it strikes, dealing additional
   cold damage.
   It can also slow down cold-blooded creatures.
   Int:       It affects your intelligence (+5).
   Dex:       It affects your dexterity (+3).
   rElec:     It insulates you from electricity.
Missiles
 F - 134 stones (quivered)
 O - 4 throwing nets
Armour
 b - a +0 scale mail
 c - a +0 kite shield (worn)
 g - a +0 pair of boots (worn)
 j - a +0 buckler
 q - a +1 helmet
 t - a +0 cloak
 w - a +0 plate armour (worn)
 B - the +1 cloak "Xuguanom" (worn) {rF+ rC- Regen+ Int+5}
   (You bought it in a shop on level 1 of the Dungeon)

   Int:       It affects your intelligence (+5).
   rF:        It protects you from fire.
   rC:        It makes you vulnerable to cold.
   Regen:     It increases your rate of health regeneration.
 U - +0 steam dragon scales
 W - the +3 hat of Pondering (worn) {ponderous, Will+ MP+10 Int+5}
   (You bought it in a shop on level 11 of the Dungeon)

   Int:       It affects your intelligence (+5).
   MP:        It affects your magic capacity (+10).
   Will:      It increases your willpower.
 Y - a +0 hat of see invisible
Jewellery
 e - a ring of fire
 v - a +4 ring of protection (left hand)
 X - a ring of willpower (right hand)
Wands
 d - a wand of iceblast (7)
 o - a wand of mindburst (14)
 G - a wand of paralysis (6)
 J - a wand of charming (10)
Scrolls
 s - a scroll of teleportation
 x - 5 scrolls of identify
 y - 3 scrolls of silence {unknown}
 z - 2 scrolls of magic mapping
 C - 3 scrolls of amnesia {unknown}
 D - 3 scrolls of fear {unknown}
 K - 2 scrolls of vulnerability {unknown}
 N - a scroll of blinking {unknown}
 Q - a scroll of torment {unknown}
 R - 2 scrolls of noise {unknown}
 S - 3 scrolls of immolation {unknown}
Potions
 f - 4 potions of resistance {unknown}
 i - 3 potions of attraction {unknown}
 k - 4 potions of heal wounds
 m - 2 potions of cancellation {unknown}
 p - 2 potions of degeneration {unknown}
 r - 3 potions of invisibility {unknown}
 u - 4 potions of berserk rage {unknown}
 A - a potion of brilliance {unknown}
 E - a potion of haste {unknown}
 H - 2 potions of magic {unknown}
 I - 2 potions of lignification {unknown}
 L - 2 potions of mutation {unknown}
 V - a potion of might
Miscellaneous
 P - a box of beasts


   Skills:
 + Level 9.7 Fighting
 + Level 14.4 Axes
 + Level 9.9 Armour
 + Level 2.2 Dodging
 + Level 10.2 Shields
 * Level 4.1 Summonings


You had 11 spell levels left.
You didn't know any spells.
Your spell library contained the following spells:

 Spells                   Type           Power      Damage    Failure   Level
 Animate Skeleton         Necr           0%         N/A       100%        1
 Shock                    Conj/Air       0%         1d3       100%        1
 Gell's Gravitas          Tloc           0%         N/A       100%        3
 Swiftness                Air            0%         N/A       100%        3
 Teleport Other           Tloc           0%         N/A       100%        3
 Airstrike                Air            0%         N/A       100%        4
 Summon Lightning Spire   Summ/Air       6%         N/A       100%        4
 Dispersal                Tloc           0%         N/A       100%        6
 Storm Form               Tmut/Air       0%         N/A       100%        7
 Maxwell's Capacitive Co  Air            0%         ∞         100%        8


Dungeon Overview and Level Annotations

Branches:
Dungeon (11/15)            Temple (1/1) D:6            Lair (0/6) D:10
    Orc (0/2) D:11

Altars:
Ashenzari
Cheibriados
Dithmenos
Elyvilon
Fedhas
Gozag
Hepliaklqana
Kikubaaqudgha
Makhleb
Nemelex Xobeh
Okawaru
Qazlal
Ru
Sif Muna
Trog
Uskayaw
Vehumet
Wu Jian
Xom
Yredelemnul
Zin
The Shining One

Shops:
D:1 [=?   D:3 [   D:6 *   D:11 [

Annotations:
D:11 Sonja


Innate Abilities, Weirdness & Mutations

[You are very clumsy. (Dex -4)]
[Armour fits poorly on your strangely shaped body.]
[Your body often deteriorates upon taking damage.]
[You are very dopey. (Int -4)]
[You are very frail. (-20% HP)]
[You are very weak. (Str -4)]
[Potions cannot restore your health.]


Message History

You are more poisoned.
You have difficulty breathing.
You feel as though you will be slow longer.
Your surroundings suddenly seem different.
You feel extremely sick.
You feel very sick.
Sonja shouts!
Sonja mumbles some strange words.
Sonja blinks!
You feel very sick.
You feel sick.
You feel sick.
Sonja throws a curare-tipped dart.
The curare-tipped dart hits you.
You are more poisoned.
You have difficulty breathing.
You feel as though you will be slow longer.
You feel extremely sick.
You feel very sick. Sonja hits you but does no damage. Space bends around you.
* * * LOW HITPOINT WARNING * * *
You block Sonja's attack. x2
You feel very sick. You block Sonja's attack.
Sonja hits you but does no damage. Space bends around you.
* * * LOW HITPOINT WARNING * * *
Sonja hits you with a +0 short sword of distortion.
* * * LOW HITPOINT WARNING * * *
Space bends around you.
* * * LOW HITPOINT WARNING * * *
Your system rejects the healing.
You feel better. You block Sonja's attack. Sonja hits you but does no damage.
Space bends around you.
* * * LOW HITPOINT WARNING * * *
You block Sonja's attack.
Sonja hits you with a +0 short sword of distortion.
* * * LOW HITPOINT WARNING * * *
Space bends around you.
* * * LOW HITPOINT WARNING * * *
Sonja hits you but does no damage. Space bends around you.
You die...
Your body crumbles into a pile of gold.

......)##
#...........)..
.......#
#...........)#.
######.#
#............#. #'#
#....∩.>.....#. ...
#.............. ...
#######............##
....
#....................
.....
##.#...#..######.#...#
+...K@..<.............
##.#...#..######.....#
#.##.....# ###..##
#.##.###.# #.##
#.##.###.# #.#
#........# #.#
####.##### #.# #.# #.#
#.# #.#


You could see Sonja.

Vanquished Creatures
  Gastronok (D:11)
  Harold (D:9)
  Erica (D:8)
  A deep elf pyromancer (D:9)
  2 manticores
  An elephant (D:10)
  Joseph (D:7)
  Maurice (D:8)
  Maggie (D:8)
  2 trolls
  A hornet (D:8)
  Prince Ribbit (D:7)
  A wyvern (D:10)
  11 yaks
  A basilisk (D:10)
  A steam dragon (D:8)
  3 water moccasins
  3 acid dragons
  5 orc warriors
  2 sky beasts (D:5)
  A black bear (D:10)
  2 necrophages (D:5)
  5 centaurs
  2 ogres
  2 kobold brigands
  A phantom (D:7)
  4 bullfrogs
  2 gnoll sergeants
  A scorpion (D:7)
  6 killer bees (D:9)
  10 wights
  3 howler monkeys (D:8)
  A bullfrog zombie (D:5)
  6 centaur zombies
  2 hounds
  3 jellies
  A gnoll shaman (D:4)
  2 bullfrog skeletons
  4 orc priests
  3 centaur skeletons
  An iguana (D:6)
  7 orc wizards
  A scorpion simulacrum (D:3)
  A hound skeleton (D:5)
  2 howler monkey zombies
  Robin (D:2)
  11 gnolls
  2 howler monkey skeletons
  7 adders
  A white imp (D:3)
  An ufetubus (D:7)
  A worm (D:2)
  An adder simulacrum (D:3)
  2 dart slugs
  20 orcs
  7 ball pythons
  5 endoplasms
  2 giant cockroaches
  5 goblins
  8 hobgoblins
  2 jackals (D:1)
  3 quokkas
  A ball python simulacrum (D:3)
  9 bats
  20 kobolds
  3 rats (D:1)
226 creatures vanquished.

Vanquished Creatures (collateral kills)
  The ghost of Baconl0rd the Magician, a weakling DjAE (D:3)
  A jackal simulacrum (D:3)
  A quokka simulacrum (D:3)
3 creatures vanquished.

Grand Total: 229 creatures vanquished

Notes
Turn   | Place    | Note
-------+----------+-------------------------------------------
     0 | D:1      | zeram the Hill Orc Fighter began the quest for the Orb.
     0 | D:1      | Reached XP level 1. HP: 19/19 MP: 1/1
   151 | D:1      | Found Imeckiow's Jewellery Shoppe.
   208 | D:1      | Found Wusemuq's Magic Scroll Shoppe.
   218 | D:1      | Reached XP level 2. HP: 21/27 MP: 2/2
   363 | D:1      | Found Ytwi's Armour Shop.
   496 | D:1      | Reached XP level 3. HP: 33/33 MP: 3/3
   895 | D:1      | Reached skill level 3 in Axes
  1511 | D:2      | Reached XP level 4. HP: 31/40 MP: 4/4
  1984 | D:2      | Reached skill level 4 in Axes
  2033 | D:2      | Noticed Robin
  2045 | D:2      | Killed Robin
  2360 | D:3      | Reached XP level 5. HP: 46/46 MP: 5/5
  2518 | D:3      | Found Tuonoec's Armour Emporium.
  2522 | D:3      | Noticed an ogre
  2530 | D:3      | Killed an ogre
  2531 | D:3      | Reached skill level 5 in Axes
  2531 | D:3      | Reached XP level 6. HP: 29/53 MP: 6/6
  2680 | D:3      | Found a runed translucent gate.
  2681 | D:3      | Found a runed translucent gate.
  2682 | D:3      | Found a runed translucent gate.
  2961 | D:3      | Found a faded altar of an unknown god.
  3022 | D:3      | Noticed Baconl0rd's ghost (weakling DjAE)
  3059 | D:3      | Killed Baconl0rd's ghost
  3340 | D:4      | Reached skill level 1 in Dodging
  3545 | D:3      | Reached skill level 6 in Axes
  3545 | D:3      | Reached skill level 5 in Armour
  3817 | D:4      | Reached XP level 7. HP: 54/60 MP: 7/7
  4309 | D:5      | Entered Level 5 of the Dungeon
  4407 | D:5      | Found a burning altar of Makhleb.
  4424 | D:5      | Reached skill level 5 in Fighting
  4424 | D:5      | Reached skill level 7 in Axes
  4508 | D:5      | Reached skill level 5 in Shields
  4558 | D:5      | Reached XP level 8. HP: 65/68 MP: 8/8
  4614 | D:5      | Reached skill level 8 in Axes
  5083 | D:5      | Reached skill level 9 in Axes
  5227 | D:5      | Found a hazy altar of Hepliaklqana.
  5632 | D:6      | Found a staircase to the Ecumenical Temple.
  5666 | Temple   | Entered the Ecumenical Temple
  6096 | Temple   | Became a worshipper of Gozag Ym Sagoz the Greedy
  6189 | D:6      | Found Wyty's Assorted Antiques.
  6299 | D:6      | Reached skill level 10 in Axes
  6363 | D:6      | Reached XP level 9. HP: 56/75 MP: 9/9
  6948 | D:7      | Noticed Prince Ribbit
  7041 | D:7      | Found a glowing silver altar of Zin.
  7240 | D:7      | Noticed Joseph
  7260 | D:7      | Killed Joseph
  7261 | D:7      | Reached skill level 11 in Axes
  7548 | D:1      | Bought the +1 cloak "Xuguanom" {rF+ rC- Regen+ Int+5} for
                  | 351 gold pieces
  7953 | D:7      | Killed Prince Ribbit
  8185 | D:8      | Noticed a hornet
  8198 | D:8      | Killed a hornet
  8307 | D:8      | Reached skill level 12 in Axes
  8332 | D:8      | Reached XP level 10. HP: 86/86 MP: 10/10
  8372 | D:8      | Noticed Maurice
  8495 | D:8      | Killed Maurice
  8698 | D:8      | Found a shimmering blue altar of Sif Muna.
  8816 | D:6      | Bought a slimy hand axe for 216 gold pieces
  8816 | D:6      | Identified the +5 hand axe of Irigg {vorpal, *Noise rCorr
                  | Str+3 Stlth+} (You bought it in a shop on level 6 of the
                  | Dungeon)
  8991 | D:8      | Noticed Erica
  9006 | D:8      | Killed Erica
  9056 | D:8      | Found a sparkling altar of Nemelex Xobeh.
  9299 | D:8      | Reached skill level 13 in Axes
  9397 | D:8      | Found a radiant altar of Vehumet.
  9397 | D:8      | Noticed Maggie
  9413 | D:8      | Killed Maggie
  9440 | D:8      | Found an ancient bone altar of Kikubaaqudgha.
  9445 | D:8      | Got Kikubaaqudgha's Volume of Darkness
  9712 | D:9      | Noticed a deep elf pyromancer
  9712 | D:9      | Noticed a manticore
  9725 | D:9      | Killed a deep elf pyromancer
  9733 | D:9      | Killed a manticore
  9734 | D:9      | Reached XP level 11. HP: 71/95 MP: 11/11
  9822 | D:9      | Found a white marble altar of Elyvilon.
  9828 | D:9      | Identified the +8 hunting sling of Mutilation {freeze,
                  | rElec Int+5 Dex+3}
 10020 | D:9      | Noticed Harold
 10052 | D:9      | Killed Harold
 10377 | D:10     | Entered Level 10 of the Dungeon
 10627 | D:10     | Reached skill level 14 in Axes
 10740 | D:10     | Found a staircase to the Lair.
 10781 | D:10     | Reached skill level 1 in Summonings
 11442 | D:10     | Found a broken altar of Ashenzari.
 11443 | D:10     | Found an iron altar of Okawaru.
 11782 | D:11     | Found a staircase to the Orcish Mines.
 11782 | D:11     | Noticed a manticore
 11802 | D:11     | Killed a manticore
 11803 | D:11     | Found Juppoud's Armour Shop.
 11834 | D:11     | Bought the +3 hat of Pondering {ponderous, Will+ MP+10
                  | Int+5} for 685 gold pieces
 11834 | D:11     | Found the +3 hat of Pondering {ponderous, Will+ MP+10
                  | Int+5}
 12077 | D:11     | Noticed Gastronok
 12106 | D:11     | Killed Gastronok
 12107 | D:11     | Reached skill level 10 in Shields
 12107 | D:11     | Reached XP level 12. HP: 76/106 MP: 12/12
 12562 | D:11     | Noticed Sonja
 12576 | D:11     | Cast into level 1 of the Abyss (Sonja)
 12667 | Abyss:1  | Noticed a wretched star
 12687 | D:11     | Escaped the Abyss
 12699 | D:11     | HP: 2/84 [Sonja (3)]
 12699 | D:11     | Slain by Sonja

Illustrated notes

Levels and vault maps discovered:
D:1:      mrwooster_arrival_statue_3, layout_loops_ring, serial_rivers,
          chequers_serial_rivers_large_a, chequers_serial_rivers_micro_d,
          chequers_serial_rivers_micro_d, chequers_serial_rivers_small_a,
          chequers_serial_rivers_micro_e, chequers_serial_rivers_small_3,
          serial_shops, shop, shop, nicolae_shop_waterfront
D:2:      minmay_angry_zag, layout_basic, uniq_robin
D:3:      layout_rooms, shapermc_ecumenical_altar_petra, gammafunk_ghost_icy,
          serial_shops, shop_fountains, kennysheep_generic_room_13
D:4:      layout_basic
D:5:      layout_rooms, marbit_many_paths, makhleb_blood_cavern_becter
D:6:      layout_rooms, minmay_temple_entry_waves, serial_shops,
          nicolae_shop_overgrown_old_shop
D:7:      layout_basic, lemuel_tele_altar, serial_aquarium,
          aquarium_bridge_long_joined [aquarium_subvault_bridge,
          aquarium_subvault_wall, aquarium_subvault_bridge,
          aquarium_subvault_window, aquarium_subvault_wall,
          aquarium_subvault_wall], aquarium_bridge_square
          [aquarium_subvault_window, aquarium_subvault_window,
          aquarium_subvault_wall, aquarium_subvault_bridge],
          aquarium_window_fake, aquarium_window_1, aquarium_view_2b,
          aquarium_pool_S, hangedman_decor_points, uniq_joseph,
          uniq_prince_ribbit1
D:8:      layout_loops_ring, palyth_temple_overflow_mages,
          nemelex_xobeh_ov_fountains_minmay, uniq_maggie, uniq_erica,
          uniq_maurice
D:9:      kennysheep_big_flooded_room, layout_long_grid, elyvilon_altar_4,
          st_stairs_8, uniq_harold
D:10:     layout_stronghold, minitemple, david_lair_generic,
          nicolae_zen_rock_garden
D:11:     layout_loops_corners, orc_david_3, uniq_sonja, uniq_gastronok
Temple:   minmay_temple_forest_path

Skill      XL: |  1  2  3  4  5  6  7  8  9 10 11 |
---------------+----------------------------------+-----
Armour         | 4 5 6 7 8 9 |  9.9
Axes           | 3 4 5 6 7 10 12 13 14 | 14.4
Fighting       | 4 5 7 8 9 |  9.7
Shields        | 4 5 6 7 8 10 | 10.2
Dodging        | 1 2 |  2.2
Summonings     | 4 |  4.1

Action                   |  1- 3 |  4- 6 |  7- 9 | 10-12 || total
-------------------------+-------+-------+-------+-------++-------
Melee: War axe           |   102 |   138 |   362 |    82 ||   684
       Hand axe          |       |       |       |   406 ||   406
  Use: Scroll            |       |     8 |     1 |     1 ||    10
       Potion            |       |       |     5 |     1 ||     6
 Stab: Distracted        |       |       |       |     4 ||     4
Armor: Scale mail        |    62 |    56 |    11 |       ||   129
       Plate armour      |       |       |   246 |   213 ||   459
Dodge: Dodged            |    29 |    59 |    74 |    81 ||   243
Block: Kite shield       |    54 |    77 |   216 |   231 ||   578
